 Dungeon Crawl Stone Soup version 0.27.1-1-g398f81649c (webtiles) character file.

Game seed: 2406023862044948712

151 Autumnman the Cudgeller (level 5, -4/53 HPs)
             Began as a Troll Berserker on Sept 9, 2021.
             Was a Priest of Trog.
             Killed by nerve-wracking pain
             ... invoked by Jessica
              (9 damage)
             ... on level 3 of the Dungeon.
             The game lasted 00:15:27 (1889 turns).

Autumnman the Cudgeller (Troll Berserker)           Turns: 1889, Time: 00:15:28

Health: -4/53      AC:  7    Str: 26    XL:     5   Next: 11%
Magic:  4/4        EV: 10    Int:  3    God:    Trog [***...]
Gold:   97         SH:  0    Dex:  9    Spells: 4/4 levels left

rFire    . . .     SeeInvis .   j - +0 morningstar
rCold    . . .     Faith    .   (no shield)
rNeg     . . .     Spirit   .   b - +0 animal skin
rPois    .         Reflect  .   t - +2 hat
rElec    .         Harm     .   p - +0 cloak
rCorr    .         Rampage  .   (gloves unavailable)
Will     .....                  (boots unavailable)
Stlth    +.........             (no amulet)
HPRegen  1.17/turn              (no ring)
MPRegen  0.09/turn              (no ring)

@: on berserk cooldown, slowed, very slow
A: large, unfitting armour, claws 3, regeneration 1, shaggy fur 1, tough skin 1
a: Renounce Religion, Berserk, Trog's Hand


You were on level 3 of the Dungeon.
You worshipped Trog.
Trog was most pleased with you.
You visited 1 branch of the dungeon, and saw 3 of its levels.

You collected 97 gold pieces.

Inventory:

Hand Weapons
 a - a +0 mace
 j - a +0 morningstar (weapon)
Armour
 b - a +0 animal skin (worn)
 h - a +0 ring mail
 p - a +0 cloak (worn)
 t - a +2 hat (worn)
Wands
 q - a wand of flame (16)
Scrolls
 e - a scroll of amnesia {unknown}
 g - a scroll of noise {unknown}
 i - a scroll of fog {unknown}
 k - a scroll of blinking {unknown}
 m - a scroll of teleportation {unknown}
 u - a scroll of immolation {unknown}
Potions
 c - a potion of attraction {unknown}
 d - a potion of heal wounds {unknown}
 f - a potion of flight {unknown}
 l - 2 potions of degeneration {unknown}
 n - a potion of brilliance {unknown}
 o - a potion of haste {unknown}
 r - a potion of ambrosia {unknown}
 s - a potion of curing {unknown}


   Skills:
 + Level 3.1 Fighting
 + Level 4.0 Maces & Flails
 * Level 1.1 Armour
 + Level 3.1 Dodging
 - Level 0.1 Stealth


You had 4 spell levels left.
You didn't know any spells.
Your spell library was empty.

Dungeon Overview and Level Annotations

Branches:
Dungeon (3/15)

Altars:
Trog

Annotations:
D:3 Jessica, Robin


Innate Abilities, Weirdness & Mutations

You are too large for most types of armour.
You have claws for hands.
Your natural rate of healing is unusually fast.
You are covered in fur. (AC +1)
You have tough skin. (AC +1)


Message History

Robin hits you with a +0 dagger of freezing.
Robin freezes you. Jessica misses you.
Jessica hits you with a +2 dagger of freezing.
Jessica freezes you. Robin hits you but does no damage.
You sock Robin!
Robin is almost dead.
Jessica barely misses you. Robin barely misses you.
Jessica hits you with a +2 dagger of freezing.
Jessica freezes you.
Jessica hits you with a +2 dagger of freezing.
Jessica freezes you. Robin hits you but does no damage.
You are too injured to fight recklessly!
You are too injured to fight recklessly!
You are too injured to fight recklessly!
Robin closely misses you.
Jessica hits you with a +2 dagger of freezing.
Jessica freezes you. Robin closely misses you.
Jessica hits you with a +2 dagger of freezing.
Jessica freezes you.
Robin says, "Duck!"
Jessica barely misses you.
You barely miss Jessica. Jessica gestures at you while chanting.
Pain shoots through your body! Jessica casts a spell at you.
Pain shoots through your body!
* * * LOW HITPOINT WARNING * * *
Jessica hits you but does no damage.
You closely miss Jessica. Jessica casts a spell at you.
Pain shoots through your body!
* * * LOW HITPOINT WARNING * * *
Jessica closely misses you. Jessica hits you but does no damage.
Jessica hits you with a +2 dagger of freezing.
* * * LOW HITPOINT WARNING * * *
Jessica freezes you.
* * * LOW HITPOINT WARNING * * *
Jessica gestures at you while chanting. Pain shoots through your body!
You die...

.. .... ..... #.# .
...# #.### #.#
#(#..# #.# #.#
##.##.#..# #.# #.#
......)))# #.# #.#
......#g## #.#
###.# ##.## #@# #.#
#...# #.####)####
#.###
.####.@.......# #.#
#..........†##.#
#.#
...############.###
#.# #.........# #.#
###.#.#.#.#.###.#
............##.#
#.#.#.#.#.....###
#######
#.........###....
........#
#.#.#.#.#.###....


You could see Robin and Jessica (fast).

Vanquished Creatures
  Ijyb (D:3)
  4 gnolls (D:2)
  An adder (D:2)
  5 bats
  2 endoplasms (D:1)
  2 giant cockroaches
  10 goblins
  8 hobgoblins
  7 jackals
  4 quokkas
  14 ball pythons
  6 frilled lizards
  8 kobolds
72 creatures vanquished.

Vanquished Creatures (others)
  A plant (D:2)
1 creature vanquished.

Grand Total: 73 creatures vanquished

Notes
Turn   | Place    | Note
-------+----------+-------------------------------------------
     0 | D:1      | Autumnman the Troll Berserker began the quest for the Orb.
     0 | D:1      | Reached XP level 1. HP: 22/22 MP: 0/0
   313 | D:1      | Reached XP level 2. HP: 29/29 MP: 1/1
   434 | D:1      | Reached skill level 3 in Maces & Flails
   628 | D:1      | Reached XP level 3. HP: 36/36 MP: 2/2
   743 | D:1      | Reached ** piety under Trog
   877 | D:2      | Reached XP level 4. HP: 44/44 MP: 3/3
   931 | D:2      | Found a bloodstained altar of Trog.
  1161 | D:2      | Found a faded altar of an unknown god.
  1535 | D:3      | Noticed Ijyb
  1538 | D:3      | Killed Ijyb
  1539 | D:3      | Reached skill level 1 in Armour
  1820 | D:3      | Reached XP level 5. HP: 53/53 MP: 4/4
  1847 | D:3      | Noticed Robin
  1850 | D:3      | Noticed Jessica
  1871 | D:3      | Reached *** piety under Trog
  1879 | D:3      | Reached skill level 4 in Maces & Flails
  1889 | D:3      | Killed from afar by Jessica

Illustrated notes

Levels and vault maps discovered:
D:1:      dpeg_arrival_rooms_a, layout_basic, nrook_mini_backslash
D:2:      layout_rooms, hellmonk_ecumenical_altar_leap_of_faith, basic_altar,
          grunt_decor_clamped, minmay_shallow_snake_nest
D:3:      layout_loops_ring, serial_glass, glass_columns_c, glass_columns_c,
          glass_columns_a, glass_columns_c, glass_columns_a, uniq_robin,
          uniq_sigmund, uniq_jessica, uniq_ijyb

Skill      XL: |  1  2  3  4  5 |
---------------+----------------+-----
Maces & Flails | 3 4 |  4.0
Dodging        | 3 |  3.1
Fighting       | 3 |  3.1
Armour         | 1 |  1.1
Stealth        | |  0.1

Action                   |  1- 3 |  4- 6 || total
-------------------------+-------+-------++-------
Melee: Mace              |    99 |     9 ||   108
       Morningstar       |       |   154 ||   154
Invok: Berserk           |     1 |     1 ||     2
       Trog's Hand       |     1 |       ||     1
 Stab: Distracted        |     1 |       ||     1
Armor: Animal skin       |    43 |   119 ||   162
Dodge: Dodged            |    64 |   139 ||   203
